General information
- name: BNet
- type: Ladder team game (AT/RT)
- host: Battle.net
- saver: TheMill
map: DragonFalls
- players: 8
- length: 51:01
- speed: Fast
- version: 1.26 W3XP
- replay type: Public
» download(268 KB)
Players
team 1 (loser)
Tzar (
green | 45 APM | 2313 actions | 51:01)
5 Demon Hunter
3 Mana Burn
2 Evasion
1 Mountain King
1 Storm Bolt
1 Archmage
1 Summon Water Elemental
» actions
| Assign group hotkey | 338 | |
| Basic commands | 33 | |
| Build / train | 66 | |
| Enter build submenu | 24 | |
| Enter hero's abilities submenu | 7 | |
| Give item / drop item | 3 | |
| Remove unit from queue | 9 | |
| Right click | 1056 | |
| Select / deselect | 435 | |
| Select group hotkey | 271 | |
| Use ability | 71 | |
2313 total
» units
| Wisp | 11 | |
| Archer | 5 | |
| Chimaera | 7 | |
| Hippogryph | 8 | |
| Rifleman | 3 | |
| Dragonhawk Rider | 3 | |
37 total
» upgrades
| Strength of the Wild | 3 | |
| Reinforced Hides | 2 | |
| Ultravision | 1 | |
| Corrosive Breath | 1 | |
7 total
» buildings
| Altar of Elders | 1 | |
| Moon Well | 7 | |
| Ancient of War | 1 | |
| Tree of Ages | 1 | |
| Hunter's Hall | 1 | |
| Ancient of Wonders | 1 | |
| Ancient of Wind | 1 | |
| Tree of Eternity | 1 | |
| Chimaera Roost | 3 | |
| Ancient Protector | 3 | |
| Town Hall | 1 | |
21 total
» build order
00:34 Altar of Elders
00:41 Moon Well
01:13 Ancient of War
01:56 Moon Well
02:30 Tree of Ages
03:01 Hunter's Hall
03:11 Moon Well
03:41 Ancient of Wonders
04:30 Moon Well
04:48 Moon Well
05:16 Ancient of Wind
05:29 Tree of Eternity
07:54 Chimaera Roost
08:00 Chimaera Roost
08:04 Chimaera Roost
09:18 Ancient Protector
09:25 Moon Well
11:24 Moon Well
18:02 Ancient Protector
18:06 Ancient Protector
27:16 Town Hall
» items
| Orb of Venom | 1 | |
| Scroll of Town Portal | 1 | |
| Potion of Healing | 1 | |
3 total
TheMill (
blue | 103 APM | 5233 actions | 51:01)
10 Archmage
3 Summon Water Elemental
3 Brilliance Aura
1 Mass Teleport
3 Blizzard
» actions
| Assign group hotkey | 131 | |
| Basic commands | 433 | |
| Build / train | 215 | |
| ESC pressed | 21 | |
| Enter build submenu | 49 | |
| Enter hero's abilities submenu | 9 | |
| Give item / drop item | 29 | |
| Remove unit from queue | 3 | |
| Right click | 1940 | |
| Select / deselect | 888 | |
| Select group hotkey | 1100 | |
| Use ability | 415 | |
5233 total
» units
| Peasant | 55 | |
| Footman | 18 | |
| Goblin Shredder | 4 | |
| Goblin Zeppelin | 2 | |
| Dragonhawk Rider | 18 | |
| Gryphon Rider | 7 | |
| Siege Engine | 7 | |
111 total
» upgrades
| Masonry | 4 | |
| Armor | 4 | |
| Swords | 3 | |
| Lumber Harvesting | 3 | |
| Animal War Training | 1 | |
| Cloud | 1 | |
| Storm Hammers | 1 | |
| Plating | 3 | |
| Gunpowder | 3 | |
| Barrage | 1 | |
| Backpack | 1 | |
| Long Rifles | 1 | |
| Defend | 1 | |
| Flak Cannons | 1 | |
| Flying Machine Bombs | 1 | |
| Fragmentation Shards | 1 | |
| Flare | 1 | |
31 total
» buildings
| Altar of Kings | 1 | |
| Barracks | 1 | |
| Farm | 8 | |
| Scout Tower | 16 | |
| Arcane Tower | 2 | |
| Arcane Vault | 1 | |
| Town Hall | 4 | |
| Blacksmith | 1 | |
| Lumber Mill | 1 | |
| Keep | 4 | |
| Guard Tower | 15 | |
| Castle | 3 | |
| Gryphon Aviary | 4 | |
| Workshop | 3 | |
64 total
» build order
00:09 Altar of Kings
00:13 Barracks
00:17 Farm
01:00 Farm
01:34 Farm
02:00 Scout Tower
02:32 Arcane Tower
02:39 Farm
03:22 Arcane Vault
03:52 Town Hall
05:33 Scout Tower
05:43 Blacksmith
05:53 Lumber Mill
06:03 Arcane Tower
06:24 Keep
07:51 Town Hall
07:57 Scout Tower
08:03 Scout Tower
08:05 Scout Tower
08:12 Scout Tower
09:03 Guard Tower
10:08 Castle
10:08 Castle
10:50 Scout Tower
10:53 Scout Tower
11:00 Scout Tower
11:01 Scout Tower
11:21 Guard Tower
11:21 Guard Tower
11:23 Guard Tower
11:43 Guard Tower
12:15 Gryphon Aviary
12:19 Gryphon Aviary
12:23 Farm
12:52 Gryphon Aviary
13:21 Gryphon Aviary
15:05 Farm
15:34 Farm
15:37 Farm
16:36 Keep
16:37 Keep
31:24 Scout Tower
31:25 Scout Tower
31:37 Scout Tower
31:46 Scout Tower
31:48 Scout Tower
31:52 Scout Tower
31:58 Guard Tower
31:58 Guard Tower
32:32 Guard Tower
32:32 Guard Tower
32:35 Town Hall
33:56 Guard Tower
33:56 Guard Tower
36:22 Workshop
36:24 Workshop
36:26 Workshop
41:00 Town Hall
» items
| Scroll of Regeneration | 5 | |
| Scroll of Town Portal | 8 | |
| Orb of Fire | 1 | |
| Staff of Sanctuary | 1 | |
| Lesser Clarity Potion | 1 | |
| Potion of Healing | 4 | |
| Ivory Tower | 2 | |
| Mechanical Critter | 3 | |
25 total
tk3131 (
pink | 27 APM | 631 actions | 23:26)
2 Archmage
1 Summon Water Elemental
1 Brilliance Aura
» actions
| Assign group hotkey | 14 | |
| Basic commands | 20 | |
| Build / train | 50 | |
| Enter build submenu | 27 | |
| Enter hero's abilities submenu | 2 | |
| Right click | 262 | |
| Select / deselect | 145 | |
| Select group hotkey | 62 | |
| Use ability | 49 | |
631 total
» units
| Peasant | 8 | |
| Footman | 2 | |
| Rifleman | 6 | |
| Furbolg Shaman | 2 | |
| Satyr Shadowdancer | 2 | |
| Spell Breaker | 5 | |
| Priest | 4 | |
| Sorceress | 1 | |
30 total
» upgrades
| Masonry | 2 | |
| Gunpowder | 1 | |
| Long Rifles | 1 | |
| Magic Sentry | 1 | |
| Control Magic | 1 | |
| Armor | 1 | |
| Priest Training | 2 | |
| Lumber Harvesting | 1 | |
| Sorceress Training | 2 | |
12 total
» buildings
| Altar of Kings | 1 | |
| Scout Tower | 3 | |
| Farm | 12 | |
| Arcane Tower | 1 | |
| Lumber Mill | 1 | |
| Barracks | 2 | |
| Blacksmith | 1 | |
| Keep | 1 | |
| Guard Tower | 2 | |
| Arcane Vault | 1 | |
| Castle | 1 | |
| Arcane Sanctum | 2 | |
| Town Hall | 1 | |
29 total
» build order
00:33 Altar of Kings
00:42 Scout Tower
00:48 Farm
01:12 Arcane Tower
01:36 Farm
01:43 Lumber Mill
02:24 Barracks
03:36 Blacksmith
04:55 Farm
05:00 Farm
05:09 Keep
05:40 Farm
05:49 Scout Tower
06:16 Guard Tower
06:22 Arcane Vault
08:19 Castle
08:29 Farm
09:40 Farm
09:51 Arcane Sanctum
10:36 Farm
11:27 Farm
11:31 Barracks
12:23 Farm
12:42 Scout Tower
15:22 Guard Tower
15:27 Arcane Sanctum
15:40 Farm
18:43 Farm
22:27 Town Hall

»
CrBrr (
yellow | 53 APM | 1094 actions | 20:45)
6 Paladin
3 Devotion Aura
1 Holy Light
1 Divine Shield
1 Resurrection
4 Mountain King
2 Storm Bolt
2 Bash
» actions
| Assign group hotkey | 24 | |
| Basic commands | 48 | |
| Build / train | 67 | |
| ESC pressed | 3 | |
| Enter build submenu | 28 | |
| Enter hero's abilities submenu | 10 | |
| Give item / drop item | 4 | |
| Right click | 247 | |
| Select / deselect | 170 | |
| Select group hotkey | 416 | |
| Use ability | 77 | |
1094 total
» units
| Peasant | 16 | |
| Footman | 5 | |
| Gryphon Rider | 8 | |
| Dragonhawk Rider | 2 | |
| Knight | 7 | |
38 total
» upgrades
| Defend | 1 | |
| Lumber Harvesting | 2 | |
| Swords | 3 | |
| Animal War Training | 1 | |
| Storm Hammers | 1 | |
| Armor | 2 | |
| Cloud | 1 | |
| Plating | 1 | |
12 total
» buildings
| Altar of Kings | 1 | |
| Farm | 9 | |
| Barracks | 2 | |
| Keep | 1 | |
| Town Hall | 2 | |
| Castle | 1 | |
| Lumber Mill | 1 | |
| Gryphon Aviary | 2 | |
| Blacksmith | 1 | |
| Arcane Vault | 1 | |
| Scout Tower | 5 | |
| Arcane Sanctum | 1 | |
| Guard Tower | 1 | |
28 total
» build order
00:14 Altar of Kings
00:19 Farm
00:57 Barracks
01:24 Farm
02:10 Farm
02:36 Keep
04:48 Town Hall
04:58 Castle
05:08 Lumber Mill
06:45 Gryphon Aviary
06:50 Gryphon Aviary
06:57 Blacksmith
07:01 Farm
07:09 Arcane Vault
07:45 Farm
09:08 Farm
09:50 Farm
15:00 Farm
15:50 Farm
16:00 Town Hall
18:00 Barracks
18:17 Scout Tower
18:22 Scout Tower
19:03 Arcane Sanctum
19:06 Scout Tower
19:40 Scout Tower
20:32 Scout Tower
20:34 Guard Tower
» items
| Orb of Fire | 1 | |
| Periapt of Vitality | 1 | |
2 total
team 2 (winner)
pppnriot11 (
red | 35 APM | 692 actions | 19:29)
4 Blood Mage
2 Flame Strike
2 Siphon Mana
3 Archmage
2 Blizzard
1 Brilliance Aura
» actions
| Assign group hotkey | 2 | |
| Basic commands | 23 | |
| Build / train | 57 | |
| ESC pressed | 1 | |
| Enter build submenu | 19 | |
| Enter hero's abilities submenu | 7 | |
| Give item / drop item | 4 | |
| Remove unit from queue | 1 | |
| Right click | 217 | |
| Select / deselect | 305 | |
| Select group hotkey | 11 | |
| Use ability | 43 | |
692 total
» units
| Peasant | 10 | |
| Footman | 6 | |
| Mortar Team | 2 | |
| Siege Engine | 7 | |
25 total
» upgrades
| Defend | 1 | |
| Lumber Harvesting | 1 | |
| Flare | 1 | |
| Gunpowder | 3 | |
| Armor | 1 | |
| Plating | 3 | |
| Fragmentation Shards | 1 | |
| Barrage | 1 | |
| Masonry | 3 | |
15 total
» buildings
| Altar of Kings | 1 | |
| Farm | 7 | |
| Barracks | 1 | |
| Lumber Mill | 1 | |
| Scout Tower | 3 | |
| Arcane Tower | 1 | |
| Arcane Vault | 1 | |
| Keep | 1 | |
| Blacksmith | 2 | |
| Workshop | 2 | |
| Guard Tower | 1 | |
| Castle | 1 | |
22 total
» build order
00:47 Altar of Kings
01:03 Farm
01:17 Barracks
01:20 Farm
01:38 Lumber Mill
02:42 Scout Tower
02:59 Farm
03:13 Arcane Tower
03:20 Arcane Vault
03:58 Keep
04:05 Blacksmith
04:09 Blacksmith
05:06 Farm
05:18 Scout Tower
05:20 Scout Tower
05:22 Farm
06:31 Workshop
06:34 Guard Tower
06:37 Workshop
07:41 Castle
09:03 Farm
10:00 Farm
» items
| Scroll of Regeneration | 1 | |
| Scroll of Town Portal | 1 | |
| Potion of Healing | 1 | |
3 total
NiceGuy (
teal | 50 APM | 2557 actions | 51:00)
7 Archmage
3 Summon Water Elemental
3 Brilliance Aura
1 Mass Teleport
1 Blood Mage
1 Flame Strike
» actions
| Assign group hotkey | 219 | |
| Basic commands | 253 | |
| Build / train | 91 | |
| Enter build submenu | 72 | |
| Enter hero's abilities submenu | 8 | |
| Give item / drop item | 13 | |
| Remove unit from queue | 4 | |
| Right click | 791 | |
| Select / deselect | 522 | |
| Select group hotkey | 358 | |
| Use ability | 225 | |
2557 total
» units
| Peasant | 25 | |
| Footman | 5 | |
| Goblin Shredder | 3 | |
| Goblin Sapper | 1 | |
| Goblin Zeppelin | 1 | |
| Dragonhawk Rider | 1 | |
| Green Dragon | 6 | |
| Gryphon Rider | -1 | |
41 total
» upgrades
| Lumber Harvesting | 1 | |
| Masonry | 3 | |
| Swords | 3 | |
| Armor | 3 | |
| Storm Hammers | 1 | |
| Animal War Training | 1 | |
12 total
» buildings
| Altar of Kings | 3 | |
| Barracks | 2 | |
| Farm | 22 | |
| Arcane Vault | 3 | |
| Keep | 3 | |
| Town Hall | 1 | |
| Lumber Mill | 4 | |
| Scout Tower | 34 | |
| Castle | 2 | |
| Guard Tower | 7 | |
| Gryphon Aviary | 10 | |
| Blacksmith | 5 | |
| Arcane Tower | 1 | |
97 total
» build order
00:44 Altar of Kings
00:45 Barracks
01:10 Farm
01:11 Farm
01:12 Farm
02:06 Farm
03:00 Arcane Vault
03:54 Keep
04:07 Town Hall
05:07 Farm
05:13 Lumber Mill
06:22 Scout Tower
06:24 Scout Tower
06:26 Scout Tower
06:27 Scout Tower
06:29 Scout Tower
07:03 Castle
07:05 Guard Tower
07:41 Farm
08:51 Scout Tower
08:51 Scout Tower
08:52 Scout Tower
08:53 Scout Tower
08:54 Scout Tower
08:56 Scout Tower
09:00 Scout Tower
09:23 Gryphon Aviary
09:26 Gryphon Aviary
09:51 Gryphon Aviary
09:56 Gryphon Aviary
10:13 Blacksmith
10:26 Blacksmith
10:43 Guard Tower
11:32 Guard Tower
14:51 Keep
14:53 Altar of Kings
15:16 Lumber Mill
17:36 Scout Tower
18:33 Farm
19:03 Farm
19:06 Farm
20:03 Arcane Tower
20:06 Lumber Mill
20:48 Keep
21:56 Scout Tower
21:56 Scout Tower
21:57 Scout Tower
21:57 Scout Tower
21:58 Scout Tower
21:58 Scout Tower
21:58 Scout Tower
21:59 Scout Tower
21:59 Scout Tower
22:00 Scout Tower
22:01 Scout Tower
22:38 Guard Tower
23:21 Guard Tower
23:23 Altar of Kings
23:45 Guard Tower
24:03 Scout Tower
24:03 Scout Tower
24:03 Scout Tower
24:04 Scout Tower
24:04 Scout Tower
24:06 Scout Tower
24:06 Scout Tower
24:06 Scout Tower
24:07 Scout Tower
24:07 Scout Tower
24:22 Blacksmith
24:23 Blacksmith
24:26 Blacksmith
24:35 Lumber Mill
24:38 Castle
26:47 Guard Tower
26:58 Arcane Vault
26:59 Barracks
27:04 Arcane Vault
28:52 Farm
30:24 Gryphon Aviary
30:24 Gryphon Aviary
30:24 Gryphon Aviary
30:25 Gryphon Aviary
30:26 Gryphon Aviary
30:26 Gryphon Aviary
34:12 Farm
34:13 Farm
34:13 Farm
34:14 Farm
34:23 Farm
34:24 Farm
34:25 Farm
34:27 Farm
35:23 Farm
35:25 Farm
35:27 Farm
» items
| Scroll of Regeneration | 2 | |
| Scroll of Town Portal | 1 | |
| Potion of Lesser Invulnerability | 1 | |
| Staff of Teleportation | 1 | |
| Scroll of Healing | 1 | |
| Tiny Great Hall | 2 | |
| Potion of Invisibility | 1 | |
| Periapt of Vitality | 3 | |
12 total
GoldMineRapist (
purple | 52 APM | 2058 actions | 39:26)
9 Blademaster
3 Wind Walk
3 Critical Strike
1 Bladestorm
2 Mirror Image
» actions
| Assign group hotkey | 29 | |
| Build / train | 134 | |
| ESC pressed | 1 | |
| Enter build submenu | 31 | |
| Enter hero's abilities submenu | 12 | |
| Give item / drop item | 21 | |
| Remove unit from queue | 1 | |
| Right click | 914 | |
| Select / deselect | 502 | |
| Select group hotkey | 106 | |
| Use ability | 307 | |
2058 total
» units
| Peon | 23 | |
| Troll Batrider | 40 | |
| Flying Machine | 6 | |
69 total
» upgrades
| Ranged Weapons | 2 | |
| Reinforced Defenses | 1 | |
| Liquid Fire | 1 | |
| Armor | 1 | |
| Flak Cannons | 1 | |
6 total
» buildings
| Altar of Storms | 1 | |
| Orc Burrow | 9 | |
| Voodoo Lounge | 5 | |
| Stronghold | 1 | |
| Fortress | 1 | |
| War Mill | 2 | |
| Beastiary | 6 | |
| Great Hall | 4 | |
| Farm | 3 | |
32 total
» build order
00:09 Altar of Storms
00:21 Orc Burrow
01:02 Voodoo Lounge
03:28 Stronghold
04:50 Orc Burrow
07:35 Fortress
07:39 War Mill
07:46 Voodoo Lounge
09:02 Voodoo Lounge
11:25 Orc Burrow
11:27 Orc Burrow
11:34 Beastiary
11:43 Beastiary
14:07 Voodoo Lounge
18:26 Great Hall
20:32 Orc Burrow
20:33 Orc Burrow
20:33 Orc Burrow
20:37 Beastiary
22:14 Orc Burrow
22:20 Orc Burrow
23:29 Great Hall
27:08 Great Hall
29:21 Beastiary
29:52 Beastiary
29:56 Beastiary
30:13 Voodoo Lounge
30:57 Farm
30:59 Farm
31:00 Farm
35:01 War Mill
35:46 Great Hall
» items
| Healing Salve | 4 | |
| Lesser Clarity Potion | 13 | |
| Scroll of Speed | 2 | |
| Staff of Teleportation | 2 | |
| Periapt of Vitality | 1 | |
| Circlet of Nobility | 3 | |
| Potion of Lesser Invulnerability | 1 | |
| Potion of Mana | 6 | |
| Orb of Lightning | 1 | |
| Potion of Healing | 5 | |
| Orb of Fire | 1 | |
| Scroll of Regeneration | 2 | |
| Dust of Appearance | 1 | |
42 total

»
acesfull23 (
orange | 20 APM | 1012 actions | 51:01)
6 Blademaster
3 Critical Strike
2 Wind Walk
1 Bladestorm
1 Shadow Hunter
1 Healing Wave
» actions
| Build / train | 95 | |
| Enter build submenu | 31 | |
| Enter hero's abilities submenu | 7 | |
| Give item / drop item | 3 | |
| Right click | 510 | |
| Select / deselect | 292 | |
| Use ability | 74 | |
1012 total
» units
| Peon | 23 | |
| Grunt | 6 | |
| Troll Headhunter/Berserker | 23 | |
| Thunder Lizard | 1 | |
| Wind Rider | 13 | |
| Furbolg Shaman | 1 | |
67 total
» upgrades
| Berserker Strength | 1 | |
| Troll Regeneration | 1 | |
| Melee Weapons | 1 | |
| Spiked Barricades | 1 | |
| Ranged Weapons | 1 | |
| Armor | 1 | |
| Berserker Upgrade | 1 | |
7 total
» buildings
| Altar of Storms | 1 | |
| Orc Burrow | 12 | |
| Barracks | 1 | |
| War Mill | 1 | |
| Voodoo Lounge | 3 | |
| Watch Tower | 6 | |
| Stronghold | 2 | |
| Fortress | 1 | |
| Beastiary | 1 | |
| Great Hall | 2 | |
| Town Hall | 1 | |
31 total
» build order
00:08 Altar of Storms
00:12 Orc Burrow
01:11 Barracks
01:34 War Mill
01:52 Orc Burrow
02:10 Voodoo Lounge
02:17 Voodoo Lounge
03:06 Watch Tower
04:38 Orc Burrow
04:44 Watch Tower
04:54 Stronghold
07:08 Watch Tower
07:13 Orc Burrow
08:08 Watch Tower
08:15 Watch Tower
08:17 Fortress
08:36 Beastiary
10:05 Orc Burrow
10:09 Watch Tower
14:34 Great Hall
15:12 Orc Burrow
15:15 Orc Burrow
15:18 Orc Burrow
26:44 Great Hall
34:21 Orc Burrow
35:20 Orc Burrow
35:24 Stronghold
36:32 Voodoo Lounge
36:55 Orc Burrow
37:00 Orc Burrow
44:40 Town Hall
» items
| Scroll of Speed | 1 | |
| Healing Salve | 2 | |
| Boots of Speed | 1 | |
| Circlet of Nobility | 2 | |
| Orb of Lightning | 1 | |
| Staff of Teleportation | 1 | |
| Orb of Fire | 1 | |
9 total
Chat log
(00:06 / All) NiceGuy: Soy is so hard to avoid
(00:17 / All) NiceGuy: It's poison diluting our collective manly essence
(00:35 / Allies) CrBrr: plan?
(00:40 / All) NiceGuy: Our nation's male youth is fed this filth and garbage from the cradle
(00:50 / Allies) Tzar: creep a bit
(00:52 / Allies) Tzar: then harass
(00:52 / All) TheMill: I am the confirmed Tsar, not you. Imposter!
(00:55 / All) TheMill: http://highper.ch/index.phpStalin,%20friends,%20and%20the%20USSR
(00:57 / All) TheMill: I am the mighty Stalin
(00:58 / All) NiceGuy: Is it any wonder we have fat, emasculated man children like Jacob Campbell?
(01:01 / All) TheMill: I am the Tsar!
(01:05 / All) NiceGuy: Otherwise known as FlameChamp23
(01:31 / Allies) Tzar: the fuck is wrong with people
(01:39 / Allies) TheMill: What is it, false Tsar?
(02:18 / All) NiceGuy: We need to take the snakes out of Washington
(02:36 / All) NiceGuy: Ship them over to Africa along with 300 gallons of Frank's Red Hot
(02:41 / All) tk3131: That will never happen, especially with party politics
(02:46 / All) NiceGuy: and provide a rare delicacy to teh fine nigger cannibals along the Congo
(02:49 / Allies) Tzar: atleast we know he isnt building
(02:52 / Allies) Tzar: if hes typing this much
(03:41 / Allies) TheMill: 100 wood please to get my expo faster
(03:52 / Allies) TheMill: ty
(03:55 / Allies) tk3131: np
(06:41 / Allies) Tzar: chims
(07:12 / Allies) Tzar: somneone get aa
(07:16 / Allies) TheMill: I will
(08:07 / Allies) Tzar: wood
(08:58 / Allies) TheMill: I'll give you 1k for the flute
(09:04 / Allies) Tzar: buy a dragon
(09:08 / Allies) Tzar: and kill teals ship
(09:21 / Allies) TheMill: yellow
(09:25 / Allies) TheMill: I'll give you 1k gold for the flute
(09:42 / Allies) CrBrr: hit
(09:44 / Allies) TheMill: give me the flute
(09:45 / Allies) TheMill: for 1k
(09:59 / Allies) TheMill: can you talk yellow?
(10:02 / Allies) TheMill: or are you a robot?
(10:02 / Allies) CrBrr: no
(10:25 / All) TheMill: yellow refused to give me the flute of accuracy
(10:27 / All) TheMill: he will pay for that
(10:32 / Allies) Tzar: omg
(11:28 / All) NiceGuy: another mh artist
(12:02 / Allies) Tzar: wheres the AA
(12:08 / Allies) TheMill: I need wood
(12:12 / Allies) TheMill: and faggot yellow took my flute
(12:18 / Allies) Tzar: fuck youe flute
(12:27 / All) NiceGuy: there we go
(12:29 / All) NiceGuy: feed their heroes
(12:51 / All) NiceGuy: fucking 30 minutes into the game now purple makes beastiaries
(12:58 / All) NiceGuy: don't suck he says
(13:01 / All) GoldMineRapist: i normally dont make any units
(13:05 / All) Tzar: lol
(13:21 / All) NiceGuy: this is retarded
(13:38 / All) NiceGuy: Yellow definitely mhs comes right when I start getting towers
(13:47 / All) CrBrr: LOL
(13:50 / All) CrBrr: W?E NOOB
(14:28 / All) NiceGuy: basically 20 seconds too soon now I'm fucked because I have no allies
(14:40 / All) NiceGuy: should have upped my towers but he would have just came anyway
(14:44 / All) Tzar: story of your life
(14:44 / All) NiceGuy: sooner
(14:45 / All) NiceGuy: because he has mh
(15:15 / Allies) Tzar: gold
(15:16 / Allies) Tzar: bluye
(15:26 / Allies) Tzar: gold me
(15:48 / Allies) Tzar: what the fuck
(16:51 / All) NiceGuy: lovely
(16:58 / Allies) TheMill: green tyring to backstab me
(17:03 / Allies) Tzar: fuck you
(17:03 / Allies) Tzar: cunt
(17:06 / Allies) Tzar: you started
(19:12 / Allies) CrBrr: wood plz
(19:20 / Allies) CrBrr: ty
(19:53 / Allies) Tzar: must take a lot of skill to backstab
(20:00 / Allies) TheMill: you attacked me first!
(20:05 / Allies) Tzar: no i didnt
(20:09 / Allies) TheMill: yes you did watch replay
(20:14 / Allies) TheMill: reported
(20:14 / Allies) Tzar: you watch the replay
(20:20 / Allies) Tzar: suck a dick
(20:21 / Allies) TheMill: your cd key is banned
(20:33 / Allies) Tzar: fuck you
(20:35 / Allies) Tzar: and your cd key
(20:40 / Allies) tk3131: yo blue can I have my expo
(20:42 / All) CrBrr: gg
(20:44 / All) CrBrr: blue tk
(20:50 / All) TheMill: easy!
(21:16 / Allies) tk3131: wtf just happened
(21:24 / Allies) Tzar: lol
(21:35 / Allies) TheMill: I need my flute my son
(21:37 / Allies) Tzar: all for ther flute
(21:40 / Allies) Tzar: fuck you
(21:56 / Allies) tk3131: ok where we gonna hit?
(22:14 / Allies) Tzar: sold
(22:17 / Allies) Tzar: suck a dick
(22:19 / Allies) Tzar: right there
(22:34 / Allies) Tzar: wheres your flute blue?
(22:35 / Allies) Tzar: huh?
(22:38 / Allies) Tzar: whered it go?
(22:40 / Allies) Tzar: aw no
(22:46 / All) TheMill: Green sold my flute. What ever shall I do?
(23:15 / All) NiceGuy: lol
(24:21 / All) GoldMineRapist: what happened to green?
(24:37 / All) Tzar: blue backstabbed
(24:44 / All) Tzar: cause yellow took his flute
(24:46 / All) GoldMineRapist: lawl
(24:48 / All) GoldMineRapist: it was all over
(24:49 / All) Tzar: and his vagina is bleeding
(26:51 / All) TheMill: grats you killed 1 hawk
(27:20 / All) TheMill: ty now I can remax on gryphons instead
(27:27 / All) TheMill: I got 8k how about you?
(29:15 / All) Tzar: well ill be afk
(29:26 / All) Tzar: hope blue gets aids
(29:28 / All) Tzar: peace
(36:59 / All) NiceGuy: and now
(37:02 / All) NiceGuy: the fun begins
(40:19 / All) NiceGuy: Tell him what he's won Rod
(40:28 / All) TheMill: He is AFK
(40:35 / All) NiceGuy: You have TWO choices
(40:44 / All) TheMill: I love how he thought I was stabbing due to the flute
(40:46 / All) NiceGuy: You see behind door number one is the only way to win the game
(40:47 / All) TheMill: it was a convenient excuse
(40:49 / All) NiceGuy: which is to not play the game at all!
(40:50 / All) TheMill: i would have anyway
(41:00 / All) NiceGuy: behind door number two is to stay and wallow in ignomy
(41:06 / All) NiceGuy: as you wait for the other victim, er
(41:21 / All) NiceGuy: I mean contestant to get a bellyful of standoff and exit the match
(46:50 / All) TheMill: why the hell are you running the peons?
(47:02 / All) NiceGuy: orange is
(47:05 / All) NiceGuy: its his peons lol
(47:09 / All) TheMill: thought he left
(47:15 / All) NiceGuy: Nay
(47:22 / All) NiceGuy: L'Standoff
(47:24 / All) acesfull23: lol u guys are funny
(47:58 / All) TheMill: suiciding my stuff now
(48:11 / All) TheMill: good luck, you both have equal chances of winning
(48:30 / All) acesfull23: what are u gunna do ?
(48:50 / All) NiceGuy: We are winning, but refusing to play the game
(48:57 / All) acesfull23: haha
(49:02 / All) acesfull23: u guys r sick
(49:09 / All) acesfull23: can i do this with u?
(49:16 / All) TheMill: Do you have MSN?
(49:26 / All) NiceGuy: go to the general discussion board and ask for FlameChampion23
(49:32 / All) TheMill: oh I forgot about 1 peon
(49:34 / All) NiceGuy: The fat sack of excrement named Jacob Campbell
(49:44 / All) acesfull23: on msn>?
(49:51 / All) NiceGuy: on the general discussion forum
(49:53 / All) TheMill: Do you have MSN or do you post on the Warcraft General Forums?
(49:58 / All) TheMill: either works
(50:01 / All) acesfull23: warcraft
(50:02 / All) NiceGuy: search google "warcraft general forums"
(50:03 / All) TheMill: ask for flaemchampion on the forums
(50:07 / All) TheMill: ask for flamechampion
(50:10 / All) TheMill: the fat sack of manchild
(50:17 / All) acesfull23: kk
(50:31 / All) TheMill: if you ask for the fat sack of lonely manchild we can play with you
(50:35 / All) NiceGuy: He is a fat whale of a human being, utterly emasculated and fawns over nigger athletes as they run up and down drenched in swea
(50:47 / All) TheMill: Good luck both of you
(50:51 / All) TheMill: You both have equal chances of victory
(50:56 / All) TheMill: http://highper.ch
(50:57 / All) NiceGuy: Farewell
(51:00 / All) TheMill: LET IT BEGIN, LET IT BEGIN!